| TOP OF THE 1ST |
|
University of Southern California Trojans batting - Pitching for Mississippi State University Bulldogs : RHP Leo Rivera
|
|
Pitching: RHP Leo Rivera
|
|
|
Batting: LHB Alonzo Catalan
|
0-0: Foul Ball, location: 2F 0-1: Ball 1-1: Fly out, F7 (Flyball, 7D, EV 88.8 MPH)
|
|
Batting: LHB Justin Veirs
|
0-0: Ball 1-0: SINGLE (Groundball, 6S, EV 60.6 MPH) (infield hit)
|
|
Batting: LHB John Rumbolt
|
Pickoff Throw to First - Error! E1 Justin Veirs to second 0-0: Called Strike 0-1: Ball 1-1: Called Strike 1-2: Ground out 6-3 (Groundball, 6M, EV 82.5 MPH) Justin Veirs to third
|
|
Batting: RHB Eric Baker
|
0-0: Ball 1-0: Ball 2-0: Ground out 6-3 (Groundball, 6, EV 86.9 MPH)
|
| Top of the 1st over - 0 runs, 1 hit, 1 error, 1 left on base; University of Southern California 0 - Mississippi State University 0 |
| BOTTOM OF THE 1ST |
|
Mississippi State University Bulldogs batting - Pitching for University of Southern California Trojans : RHP Steve Depre
|
|
Pitching: RHP Steve Depre
|
|
|
Batting: RHB Freddie Kite
|
0-0: Ball 1-0: Ball 2-0: SINGLE (Groundball, 56S, EV 65.6 MPH) (infield hit)
|
|
Batting: RHB Logan Strassburg
|
0-0: Foul Ball, location: 2F 0-1: Ball Freddie Kite is caught stealing 2nd base 2-4 1-1: Ball 2-1: Ground out 6-3 (Groundball, 6, EV 109.4 MPH)
|
|
Batting: RHB Benito Gonzales
|
0-0: Called Strike 0-1: Ball 1-1: Ball 2-1: Ground out 4-3 (Groundball, 34, EV 106.2 MPH)
|
| Bottom of the 1st over - 0 runs, 1 hit, 0 errors, 0 left on base; University of Southern California 0 - Mississippi State University 0 |
| TOP OF THE 2ND |
|
University of Southern California Trojans batting - Pitching for Mississippi State University Bulldogs : RHP Leo Rivera
|
|
Batting: RHB Rick Acevedo
|
0-0: Ball 1-0: Ball 2-0: Ground out 6-3 (Groundball, 6, EV 95.6 MPH)
|
|
Batting: RHB Jeremy McAbee
|
0-0: Ball 1-0: Swinging Strike 1-1: Ball 2-1: Swinging Strike 2-2: Ball 3-2: Strikes out swinging
|
|
Batting: RHB Jim Baltazar
|
0-0: Called Strike 0-1: Ground out 1-3 (Groundball, 13S, EV 67.5 MPH)
|
| Top of the 2nd over - 0 runs, 0 hits, 0 errors, 0 left on base; University of Southern California 0 - Mississippi State University 0 |
| BOTTOM OF THE 2ND |
|
Mississippi State University Bulldogs batting - Pitching for University of Southern California Trojans : RHP Steve Depre
|
|
Batting: RHB Cody Ammann
|
0-0: Ground out 4-3 (Groundball, 4, EV 102.5 MPH)
|
|
Batting: RHB Josh Simmons
|
0-0: SINGLE (Flyball, 3D, EV 92.5 MPH)
|
|
Batting: RHB Josh Stene
|
0-0: Fly out, F8 (Flyball, 8RD, EV 95.6 MPH)
|
|
Batting: RHB Bill Petipas
|
0-0: Fly out, F7 (Line Drive, 7, EV 85.6 MPH)
|
| Bottom of the 2nd over - 0 runs, 1 hit, 0 errors, 1 left on base; University of Southern California 0 - Mississippi State University 0 |
| TOP OF THE 3RD |
|
University of Southern California Trojans batting - Pitching for Mississippi State University Bulldogs : RHP Leo Rivera
|
|
Batting: RHB Jochen Schanz
|
0-0: Foul Ball, location: 2F 0-1: Foul Ball, location: 2F 0-2: Strikes out swinging
|
|
Batting: RHB Tri Kartini
|
0-0: Swinging Strike 0-1: DOUBLE (Line Drive, 9LD, EV 105.6 MPH)
|
|
Batting: LHB Alonzo Catalan
|
0-0: Ball 1-0: Foul Ball, location: 2F 1-1: Called Strike 1-2: Ball 2-2: Foul Ball, location: 2F 2-2: Strikes out swinging
|
|
Batting: LHB Justin Veirs
|
0-0: Ball 1-0: SINGLE (Groundball, 4D, EV 98.8 MPH) Tri Kartini to third Runner from 3rd tries for Home, SAFE, throw by CF to home
|
|
Batting: LHB John Rumbolt
|
Pickoff Throw to First - Out! 1-3 CS
|
| Top of the 3rd over - 1 run, 2 hits, 0 errors, 0 left on base; University of Southern California 1 - Mississippi State University 0 |
| BOTTOM OF THE 3RD |
|
Mississippi State University Bulldogs batting - Pitching for University of Southern California Trojans : RHP Steve Depre
|
|
Batting: RHB Oscar Vargas
|
0-0: SINGLE (Flyball, 3D, EV 89.4 MPH)
|
|
Batting: LHB Tom Ploughman
|
0-0: Called Strike 0-1: SINGLE (Flyball, 34D, EV 91.9 MPH) Oscar Vargas to second
|
|
Batting: RHB Freddie Kite
|
0-0: Ball 1-0: Called Strike 1-1: Called Strike 1-2: Ball 2-2: Ball 3-2: SINGLE (Line Drive, 9LS, EV 88.1 MPH) Oscar Vargas to third Tom Ploughman to second
|
|
Batting: RHB Logan Strassburg
|
0-0: Foul Ball, location: 2F 0-1: Foul Ball, location: 2F 0-2: SINGLE (Groundball, 4D, EV 104.4 MPH) Oscar Vargas scores Tom Ploughman to third Freddie Kite to second Runner from 3rd tries for Home, throw by RF and OUT! 9-2
|
|
Batting: RHB Benito Gonzales
|
0-0: Called Strike 0-1: Fly out, F9 (Flyball, 89M, EV 83.1 MPH)
|
|
Batting: RHB Cody Ammann
|
0-0: Ball 1-0: Swinging Strike 1-1: Ball 2-1: Fly out, F9 (Line Drive, 9S, EV 101.2 MPH)
|
| Bottom of the 3rd over - 1 run, 4 hits, 0 errors, 2 left on base; University of Southern California 1 - Mississippi State University 1 |
| TOP OF THE 4TH |
|
University of Southern California Trojans batting - Pitching for Mississippi State University Bulldogs : RHP Leo Rivera
|
|
Batting: LHB John Rumbolt
|
0-0: Swinging Strike 0-1: Called Strike 0-2: Ball 1-2: Ball 2-2: Foul Ball, location: 2F 2-2: Foul Ball, location: 2F 2-2: Fly out, F9 (Line Drive, 89S, EV 90.6 MPH)
|
|
Batting: RHB Eric Baker
|
0-0: Foul Ball, location: 2F 0-1: Called Strike 0-2: Ball 1-2: Strikes out looking
|
|
Batting: RHB Rick Acevedo
|
0-0: Ball 1-0: Called Strike 1-1: Foul Ball, location: 2F 1-2: Foul Ball, location: 2F 1-2: Ball 2-2: Ball 3-2: Foul Ball, location: 2F 3-2: Base on Balls
|
|
Batting: RHB Jeremy McAbee
|
0-0: Called Strike 0-1: Foul Ball, location: 2F 0-2: Ball 1-2: Ball 2-2: Strikes out swinging
|
| Top of the 4th over - 0 runs, 0 hits, 0 errors, 1 left on base; University of Southern California 1 - Mississippi State University 1 |
| BOTTOM OF THE 4TH |
|
Mississippi State University Bulldogs batting - Pitching for University of Southern California Trojans : RHP Steve Depre
|
|
Batting: RHB Josh Simmons
|
0-0: Ball 1-0: Ball 2-0: Ball 3-0: Called Strike 3-1: Called Strike 3-2: Base on Balls
|
|
Batting: RHB Josh Stene
|
0-0: Foul Ball, location: 2F 0-1: Grounds into double play, 4-6-3 (Groundball, 4, EV 81.2 MPH)
|
|
Batting: RHB Bill Petipas
|
0-0: Ball 1-0: SINGLE (Line Drive, 34D, EV 98.8 MPH)
|
|
Batting: RHB Oscar Vargas
|
0-0: Ball 1-0: Ball 2-0: Ball 3-0: Called Strike 3-1: Called Strike 3-2: Foul Ball, location: 2F 3-2: Foul Ball, location: 2F 3-2: Strikes out swinging
|
| Bottom of the 4th over - 0 runs, 1 hit, 0 errors, 1 left on base; University of Southern California 1 - Mississippi State University 1 |
| TOP OF THE 5TH |
|
University of Southern California Trojans batting - Pitching for Mississippi State University Bulldogs : RHP Leo Rivera
|
|
Batting: RHB Jim Baltazar
|
0-0: Called Strike 0-1: Ball 1-1: Called Strike 1-2: Strikes out swinging
|
|
Batting: RHB Jochen Schanz
|
0-0: Ball 1-0: Ball 2-0: Called Strike 2-1: Ball 3-1: Called Strike 3-2: Reached on error, E9 (Line Drive, 9, EV 101.2 MPH)
|
|
Batting: RHB Tri Kartini
|
Balk! Jochen Schanz to third 0-0: Foul Ball, location: 2F 0-1: Ball 1-1: Foul Ball, location: 2F 1-2: Foul Ball, location: 2F 1-2: Ground out 6-3 (Groundball, 56, EV 81.2 MPH) Jochen Schanz scores
|
|
Batting: LHB Alonzo Catalan
|
0-0: Ball 1-0: Ball 2-0: Ball 3-0: Called Strike 3-1: Foul Ball, location: 2F 3-2: Base on Balls
|
|
Pitching: RHP Salvatore Caraballo
|
|
|
Batting: LHB Justin Veirs
|
0-0: Ball Alonzo Catalan steals 2nd base 1-0: Ball 2-0: Foul Ball, location: 2F 2-1: Ground out 5-3 (Groundball, 56S, EV 65.0 MPH)
|
| Top of the 5th over - 1 run, 0 hits, 1 error, 1 left on base; University of Southern California 2 - Mississippi State University 1 |
| BOTTOM OF THE 5TH |
|
Mississippi State University Bulldogs batting - Pitching for University of Southern California Trojans : RHP Steve Depre
|
|
Batting: LHB Tom Ploughman
|
0-0: Called Strike 0-1: Foul Ball, location: 2F 0-2: Ball 1-2: Strikes out swinging
|
|
Batting: RHB Freddie Kite
|
0-0: Ball 1-0: Foul Ball, location: 2F 1-1: Swinging Strike 1-2: Ground out 5-3 (Groundball, 56S, EV 81.2 MPH)
|
|
Batting: RHB Logan Strassburg
|
0-0: Called Strike 0-1: Foul Ball, location: 2F 0-2: Ball 1-2: Foul Ball, location: 2F 1-2: Ball 2-2: Ball 3-2: Foul Ball, location: 2F 3-2: Base on Balls
|
|
Batting: RHB Benito Gonzales
|
0-0: Ball 1-0: Ball 2-0: Called Strike 2-1: Ball 3-1: Fielders Choice at 2nd, 6-4 (Groundball, 6, EV 88.8 MPH)
|
| Bottom of the 5th over - 0 runs, 0 hits, 0 errors, 1 left on base; University of Southern California 2 - Mississippi State University 1 |
| TOP OF THE 6TH |
|
University of Southern California Trojans batting - Pitching for Mississippi State University Bulldogs : RHP Salvatore Caraballo
|
|
Batting: LHB John Rumbolt
|
0-0: Called Strike 0-1: Ball 1-1: SINGLE (Groundball, 4MS, EV 72.5 MPH) (infield hit)
|
|
Batting: RHB Eric Baker
|
0-0: Called Strike John Rumbolt steals 2nd base 0-1: Ball 1-1: Called Strike 1-2: Ball 2-2: Ball 3-2: Fly out, F7 (Flyball, 7, EV 88.8 MPH)
|
|
Batting: RHB Rick Acevedo
|
0-0: Ball 1-0: Called Strike 1-1: Called Strike 1-2: Foul Ball, location: 2F 1-2: Foul Ball, location: 2F 1-2: Foul Ball, location: 2F 1-2: Ball 2-2: Foul Ball, location: 2F 2-2: Foul Ball, location: 2F 2-2: 2-RUN HOME RUN (Flyball, 9LD, EV 95.6 MPH), Distance : 378 ft
|
|
Batting: RHB Jeremy McAbee
|
0-0: Ball 1-0: SINGLE (Line Drive, 4D, EV 98.8 MPH)
|
|
Pitching: RHP Erik Bradshaw
|
|
|
Batting: RHB Jim Baltazar
|
0-0: Ball 1-0: Called Strike 1-1: Foul Ball, location: 2F 1-2: Ball 2-2: Foul Ball, location: 2F 2-2: Foul Ball, location: 2F 2-2: Strikes out swinging
|
|
Batting: RHB Jochen Schanz
|
0-0: Called Strike 0-1: Swinging Strike 0-2: Ball 1-2: Ball 2-2: Foul Ball, location: 2F 2-2: Strikes out looking
|
| Top of the 6th over - 2 runs, 3 hits, 0 errors, 1 left on base; University of Southern California 4 - Mississippi State University 1 |
| BOTTOM OF THE 6TH |
|
Mississippi State University Bulldogs batting - Pitching for University of Southern California Trojans : RHP Steve Depre
|
|
Batting: RHB Cody Ammann
|
0-0: Ball 1-0: SINGLE (Groundball, 34D, EV 103.8 MPH)
|
|
Batting: RHB Josh Simmons
|
0-0: Ball 1-0: Fly out, F9 (Flyball, 9, EV 80.0 MPH)
|
|
Pitching: RHP Enrique Zepeda
|
|
|
Batting: RHB Josh Stene
|
0-0: Fielders Choice at 2nd, 6-4 (Groundball, 6, EV 83.8 MPH)
|
|
Batting: RHB Bill Petipas
|
0-0: Foul Ball, location: 2F 0-1: Fly out, F3 (Line Drive, 3, EV 71.9 MPH)
|
| Bottom of the 6th over - 0 runs, 1 hit, 0 errors, 1 left on base; University of Southern California 4 - Mississippi State University 1 |
| TOP OF THE 7TH |
|
University of Southern California Trojans batting - Pitching for Mississippi State University Bulldogs : RHP Erik Bradshaw
|
|
Batting: RHB Tri Kartini
|
0-0: Called Strike 0-1: Foul Ball, location: 2F 0-2: Ball 1-2: Ball 2-2: Strikes out swinging
|
|
Batting: LHB Alonzo Catalan
|
0-0: Fly out, F9 (Flyball, 9D, EV 93.1 MPH)
|
|
Batting: LHB Justin Veirs
|
0-0: Called Strike 0-1: Foul Ball, location: 2F 0-2: Foul Ball, location: 2F 0-2: Ball 1-2: Strikes out swinging
|
| Top of the 7th over - 0 runs, 0 hits, 0 errors, 0 left on base; University of Southern California 4 - Mississippi State University 1 |
| BOTTOM OF THE 7TH |
|
Mississippi State University Bulldogs batting - Pitching for University of Southern California Trojans : RHP Enrique Zepeda
|
|
Batting: RHB Oscar Vargas
|
0-0: SINGLE (Groundball, 56D, EV 105.6 MPH)
|
|
Batting: LHB Tom Ploughman
|
0-0: Ball 1-0: Foul Ball, location: 2F 1-1: Fielders Choice at 2nd, 5-4 (Groundball, 56, EV 94.4 MPH)
|
|
Batting: RHB Freddie Kite
|
0-0: Called Strike 0-1: Fielders Choice at 2nd, 1-6 (Groundball, 13S, EV 74.4 MPH)
|
|
Batting: RHB Logan Strassburg
|
0-0: Ball 1-0: Ball 2-0: Foul Ball, location: 2F 2-1: Called Strike Freddie Kite is caught stealing 2nd base 2-4
|
| Bottom of the 7th over - 0 runs, 1 hit, 0 errors, 0 left on base; University of Southern California 4 - Mississippi State University 1 |
| TOP OF THE 8TH |
|
University of Southern California Trojans batting - Pitching for Mississippi State University Bulldogs : RHP Erik Bradshaw
|
|
Pitching: LHP Terry Sanders
|
|
|
Batting: LHB John Rumbolt
|
0-0: Called Strike 0-1: Foul Ball, location: 2F 0-2: Ball 1-2: Foul Ball, location: 2F 1-2: Foul Ball, location: 2F 1-2: Ground out 4-3 (Groundball, 4, EV 91.2 MPH)
|
|
Batting: RHB Eric Baker
|
0-0: Ball 1-0: Ball 2-0: Foul Ball, location: 2F 2-1: Swinging Strike 2-2: Ball 3-2: Foul Ball, location: 2F 3-2: DOUBLE (Groundball, 5L, EV 101.2 MPH)
|
|
Batting: RHB Rick Acevedo
|
0-0: Foul Ball, location: 2F 0-1: Ball 1-1: SINGLE (Flyball, 78M, EV 88.8 MPH) Eric Baker to third
|
|
Batting: RHB Jeremy McAbee
|
0-0: Ball 1-0: Ball Rick Acevedo steals 2nd base 2-0: Ball 3-0: Called Strike 3-1: Base on Balls
|
|
Batting: RHB Jim Baltazar
|
0-0: Called Strike 0-1: Ball 1-1: Foul Ball, location: 2F 1-2: Ball 2-2: DOUBLE (Line Drive, 9LM, EV 104.4 MPH) Eric Baker scores Rick Acevedo scores Jeremy McAbee to third
|
|
Batting: RHB Jochen Schanz
|
0-0: Ball 1-0: Foul Ball, location: 2F 1-1: Ball 2-1: Swinging Strike 2-2: Strikes out looking
|
|
Batting: RHB Tri Kartini
|
0-0: Called Strike 0-1: Foul Ball, location: 2F 0-2: Ball 1-2: Ball 2-2: Foul Ball, location: 2F 2-2: Foul Ball, location: 2F 2-2: Fly out, F7 (Flyball, 7, EV 90.6 MPH)
|
| Top of the 8th over - 2 runs, 3 hits, 0 errors, 2 left on base; University of Southern California 6 - Mississippi State University 1 |
| BOTTOM OF THE 8TH |
|
Mississippi State University Bulldogs batting - Pitching for University of Southern California Trojans : RHP Enrique Zepeda
|
|
Batting: RHB Logan Strassburg
|
0-0: Foul Ball, location: 2F 0-1: Ball 1-1: Ball 2-1: SINGLE (Groundball, 4MD, EV 97.5 MPH)
|
|
Batting: RHB Benito Gonzales
|
0-0: Ground out 6-3 (Groundball, 6M, EV 108.1 MPH) Logan Strassburg to second
|
|
Batting: RHB Cody Ammann
|
0-0: Fly out, F7 (Line Drive, 7S, EV 89.4 MPH)
|
|
Batting: RHB Josh Simmons
|
0-0: Called Strike 0-1: Ball 1-1: DOUBLE (Line Drive, 7LM, EV 111.2 MPH) Logan Strassburg scores
|
|
Batting: RHB Josh Stene
|
0-0: SINGLE (Line Drive, 8RS, EV 110.0 MPH) Josh Simmons to third
|
|
Batting: RHB Bill Petipas
|
0-0: Ball 1-0: DOUBLE (Line Drive, 89D, EV 114.4 MPH) Josh Simmons scores Josh Stene to third Runner from 3rd tries for Home, throw by RF and OUT! 9-4-2
|
| Bottom of the 8th over - 2 runs, 4 hits, 0 errors, 1 left on base; University of Southern California 6 - Mississippi State University 3 |
| TOP OF THE 9TH |
|
University of Southern California Trojans batting - Pitching for Mississippi State University Bulldogs : LHP Terry Sanders
|
|
Pitching: RHP Randy Richardson
|
|
|
Batting: LHB Alonzo Catalan
|
0-0: Ball 1-0: Foul Ball, location: 2F 1-1: Foul Ball, location: 2F 1-2: Foul Ball, location: 2F 1-2: DOUBLE (Flyball, 8LXD, EV 90.0 MPH)
|
|
Batting: LHB Justin Veirs
|
0-0: Ball 1-0: Bunt missed! 1-1: Sac Bunt to 23 - play at first, batter OUT! 3-4 Alonzo Catalan to third
|
|
Batting: LHB John Rumbolt
|
0-0: SINGLE (Groundball, 5L, EV 104.4 MPH) (infield hit) Alonzo Catalan scores
|
|
Batting: RHB Eric Baker
|
0-0: Ball John Rumbolt steals 2nd base 1-0: Ball 2-0: Called Strike 2-1: Foul Ball, location: 2F 2-2: Foul Ball, location: 2F 2-2: Ball 3-2: Ground out 6-3 (Groundball, 6, EV 89.4 MPH) John Rumbolt to third
|
|
Batting: RHB Rick Acevedo
|
0-0: Ball 1-0: Ball 2-0: Ball 3-0: Called Strike 3-1: Foul Ball, location: 2F 3-2: Foul Ball, location: 2F 3-2: Base on Balls
|
|
Batting: RHB Jeremy McAbee
|
0-0: Ball 1-0: Ground out 4-3 (Groundball, 34, EV 106.2 MPH)
|
| Top of the 9th over - 1 run, 2 hits, 0 errors, 2 left on base; University of Southern California 7 - Mississippi State University 3 |
| BOTTOM OF THE 9TH |
|
Mississippi State University Bulldogs batting - Pitching for University of Southern California Trojans : RHP Enrique Zepeda
|
|
Pitching: RHP Gabe Hires
|
|
|
Batting: RHB Oscar Vargas
|
0-0: Reached on error, E3 (Groundball, 34, EV 91.2 MPH)
|
|
Pinch Hitting: RHB Rich Martinez
|
0-0: Reached on error, E5 (Groundball, 56, EV 86.2 MPH) Oscar Vargas to second
|
|
Pitching: RHP Dave Montoya
|
|
|
Batting: RHB Freddie Kite
|
0-0: Ball 1-0: Called Strike 1-1: Foul Ball, location: 2F 1-2: Strikes out swinging
|
|
Batting: RHB Logan Strassburg
|
0-0: Ball 1-0: Called Strike 1-1: Called Strike 1-2: Strikes out swinging
|
|
Batting: RHB Benito Gonzales
|
0-0: Ball 1-0: Ball 2-0: Called Strike 2-1: Fly out, F2 (Popup, 23F, EV 76.9 MPH)
|
| Bottom of the 9th over - 0 runs, 0 hits, 2 errors, 2 left on base; University of Southern California 7 - Mississippi State University 3 |
|